 Dungeon Crawl Stone Soup version 0.30-a0-728-gc68057be0a (webtiles) character file.

Game seed: 1860091318285673842

4804 browni3141 the Evangelist (level 10, -1/83 HPs)
             Began as a Hill Orc Fighter on Feb 1, 2023.
             Was an Elder of Beogh.
             Killed from afar by Erica (26 damage)
             ... with a lance of force
             ... on level 9 of the Dungeon.
             The game lasted 00:09:55 (6072 turns).

browni3141 the Evangelist (Hill Orc Fighter)        Turns: 6072, Time: 00:09:56

Health: -1/83      AC:  8    Str: 24    XL:     10   Next: 48%
Magic:  19/19      EV: 14    Int:  8    God:    Beogh [****..]
Gold:   599        SH:  5    Dex: 16    Spells: 9/9 levels left

rFire   . . .      SeeInvis .    a - +0 war axe (venom)
rCold   . . .      Faith    .    c - +0 buckler
rNeg    . . .      Spirit   .    b - +0 scale mail
rPois   .          Reflect  .    o - +0 helmet
rElec   .          Harm     .    (no cloak)
rCorr   .          Rampage  .    (no gloves)
Will    .....                    (no boots) Stlth
                                 k - amulet of regeneration
HPRegen 1.13/turn                H - +6 ring of dexterity
MPRegen 0.16/turn                J - +5 ring of evasion

@: slowed, very slow
A: no striking features
a: Renounce Religion, Smiting, Recall Orcish Followers


You were on level 9 of the Dungeon.
You worshipped Beogh.
Beogh was greatly pleased with you.
You visited 1 branch of the dungeon, and saw 9 of its levels.
You also visited: Ossuary.

You collected 599 gold pieces.

Inventory:

Hand Weapons
 a - a +0 war axe of venom (weapon)
 i - a +0 hand axe
Missiles
 g - 25 poisoned darts (quivered)
 p - 7 boomerangs
Armour
 b - a +0 scale mail (worn)
 c - a +0 buckler (worn)
 o - a +0 helmet (worn)
Jewellery
 k - an amulet of regeneration (around neck)
 x - a ring of positive energy
 C - a ring of see invisible
 G - a ring of flight
 H - a +6 ring of dexterity (left hand)
 J - a +5 ring of evasion (right hand)
 L - a ring of willpower
Wands
 K - a wand of iceblast (13)
Scrolls
 f - 2 scrolls of immolation
 j - 4 scrolls of teleportation
 t - 3 scrolls of fog
 v - a scroll of poison
 y - 3 scrolls of enchant weapon {unknown}
 z - a scroll of amnesia {unknown}
 A - 3 scrolls of blinking {unknown}
 B - a scroll of magic mapping {unknown}
 I - a scroll of fear {unknown}
 M - a scroll of identify
 N - a scroll of enchant armour {unknown}
 P - a scroll of noise {unknown}
Potions
 d - 2 potions of might
 e - a potion of flight
 h - a potion of berserk rage {unknown}
 l - 4 potions of curing
 m - 3 potions of heal wounds {unknown}
 n - 3 potions of lignification {unknown}
 q - 2 potions of cancellation {unknown}
 r - a potion of haste {unknown}
 s - a potion of invisibility {unknown}
 u - 3 potions of brilliance {unknown}
 w - a potion of resistance {unknown}
 D - a potion of mutation {unknown}
 E - 5 potions of degeneration {unknown}
 F - a potion of attraction {unknown}
 O - a potion of magic {unknown}


   Skills:
 + Level 6.0 Fighting
 * Level 12.0 Axes
 - Level 2.0 Throwing
 + Level 6.0 Armour
 - Level 5.0 Shields
 * Level 12.3 Invocations


You had 9 spell levels left.
You didn't know any spells.
Your spell library contained the following spells:

 Spells                   Type           Power      Damage    Failure   Level
 Cigotuvi's Dreadful Rot  Necr/Pois/Air  0%         N/A       88%         2
 Poisonous Vapours        Pois/Air       0%         N/A       88%         2
 Gell's Gravitas          Tloc           0%         N/A       98%         3
 Mephitic Cloud           Conj/Pois/Air  0%         N/A       98%         3
 Teleport Other           Tloc           0%         N/A       98%         3
 Dispersal                Tloc           0%         N/A       100%        6


Dungeon Overview and Level Annotations

Branches:
Dungeon (9/15)             Temple (0/1) D:5            Lair (0/5) D:9
Ossuary (visited)
    Orc: D:9-12

Altars:
Cheibriados
Uskayaw
Vehumet
Zin

Shops:
D:6 :

Annotations:
D:9 Erica


Message History

The wyvern bites you.
You closely miss the wyvern. You block the wyvern's attack.
Erica casts a spell at you.
You are confused.
You are too confused!
Are you sure you want to stumble around while confused and next to your ally the orc?
This could place you under penance!
Okay, then.
Unknown command.
The wyvern bites you.
Your orc knight closely misses the wyvern.
Erica says, "I'm so much better than you."
Erica points at you and mumbles some strange words.
The lance of force hits you!! The wyvern bites you!
The wyvern closely misses you.
Your orc knight hits the wyvern with a +0 club!
Your orc hits the wyvern with a +0 whip.
Erica mumbles some strange words.
Erica flickers and vanishes!
Deactivating autopickup; reactivate with Ctrl-A.
The wyvern barely misses your orc knight.
Your orc knight hits the wyvern with a +0 club!
The wyvern dies!
Beogh accepts your kill.
You hear some strange, mumbled words.
A bolt of poison appears from out of thin air!
The bolt of poison hits you!!
You are poisoned.
* * * LOW HITPOINT WARNING * * *
It was a potion of curing.
You feel better. Something barely misses you.
You closely miss something.
You hear some strange, mumbled words.
You feel yourself slow down.
You closely miss something.
You hear some strange, mumbled words.
Something tries to affect you, but you resist.
You hit something but do no damage.
You hear some strange, mumbled words.
A lance of force appears from out of thin air!
The lance of force hits you!!
You die...

....... .......
.......#######
.............#
.............+
#.............#
#......{†.....#
#......o@o....#
#.............#
#.............###+
#............(....
#.................
#.................
#.......##...#####
#.......########
#.......#.......
...#


You could see a friendly orc knight and a friendly orc.

Vanquished Creatures
  Pikel (D:7)
  Maggie (D:8)
  Psyche (D:9)
  Sigmund (D:3)
  A wyvern (D:8)
  A water moccasin (D:7)
  Duvessa (D:6)
  3 ice beasts
  An orc warrior (D:8)
  2 sky beasts
  2 wolves (D:8)
  2 ogres
  A centaur (D:7)
  3 lemures (D:7)
  2 phantoms
  2 kobold brigands
  4 bullfrogs
  4 scorpions
  A wight (D:8)
  Dowan (D:6)
  2 killer bees (D:9)
  2 howler monkeys
  2 hounds
  3 jellies
  A centaur zombie (Ossuary)
  A human zombie (Ossuary)
  5 orc priests
  2 gnoll boudas
  5 iguanas
  4 orc wizards
  2 mummies (Ossuary)
  Robin (D:3)
  10 gnolls
  13 adders
  A white imp (D:5)
  An ufetubus (D:6)
  2 adder zombies (Ossuary)
  4 worms
  A dart slug (D:2)
  8 orcs
  6 ball pythons
  4 endoplasms
  3 giant cockroaches
  7 goblins (D:3)
  7 hobgoblins
  6 jackals
  2 quokkas
  3 bats
  3 frilled lizards
  2 goblin zombies (Ossuary)
  7 hobgoblin zombies (Ossuary)
  2 jackal zombies (Ossuary)
  16 kobolds
  12 kobold zombies (Ossuary)
  8 orc zombies (Ossuary)
  6 rats
  2 rat zombies (Ossuary)
201 creatures vanquished.

Vanquished Creatures (collateral kills)
  Grum (D:8)
  A wyvern (D:9)
  A water moccasin (D:8)
  2 wolves (D:8)
  A centaur (D:9)
  2 wights (D:8)
  2 killer bees (D:9)
  3 gnolls (D:8)
  2 orcs
15 creatures vanquished.

Vanquished Creatures (others)
  An orc wizard (D:8)
  An orc priest (D:8)
  6 orcs
  2 giant cockroaches (D:4)
  A plant (D:1)
11 creatures vanquished.

Grand Total: 227 creatures vanquished

Notes
Turn   | Place    | Note
-------+----------+-------------------------------------------
     0 | D:1      | browni3141 the Hill Orc Fighter began the quest for the
                  | Orb.
     0 | D:1      | Reached XP level 1. HP: 19/19 MP: 1/1
   166 | D:1      | Reached XP level 2. HP: 25/26 MP: 2/2
   691 | D:2      | Found a snail-covered altar of Cheibriados.
   794 | D:2      | Reached XP level 3. HP: 31/31 MP: 3/3
  1359 | D:3      | Reached skill level 5 in Axes
  1434 | D:3      | Noticed a scorpion
  1442 | D:3      | Killed a scorpion
  1443 | D:3      | Reached XP level 4. HP: 39/39 MP: 4/4
  1462 | D:3      | Noticed Sigmund
  1475 | D:3      | Killed Sigmund
  1476 | D:3      | Reached XP level 5. HP: 32/45 MP: 5/5
  1476 | D:3      | Reached XP level 6. HP: 36/51 MP: 6/6
  1561 | D:3      | Noticed Robin
  1586 | D:3      | Killed Robin
  2115 | D:4      | Became a worshipper of Beogh the Brigand
  2177 | D:4      | Reached XP level 7. HP: 48/57 MP: 7/7
  2272 | D:4      | Reached skill level 10 in Axes
  2434 | D:4      | Reached * piety under Beogh
  2483 | D:4      | Identified the +7 mace "Jech" {protect, *Rage rElec rCorr}
  2563 | D:5      | Entered Level 5 of the Dungeon
  2614 | D:5      | Found a staircase to the Ecumenical Temple.
  2818 | D:5      | Reached XP level 8. HP: 64/64 MP: 8/8
  3117 | D:5      | Reached skill level 5 in Fighting
  3457 | D:6      | Found Qoit's Book Shoppe.
  3813 | D:6      | Noticed Dowan
  3814 | D:6      | Noticed Duvessa
  3842 | D:6      | Killed Duvessa
  3843 | D:6      | Reached skill level 5 in Armour
  3843 | D:6      | Reached skill level 5 in Shields
  3843 | D:6      | Reached XP level 9. HP: 68/75 MP: 9/9
  3859 | D:6      | Killed Dowan
  4029 | D:7      | Found a sand-covered staircase.
  4039 | Ossuary  | Entered an ossuary
  4085 | Ossuary  | Reached ** piety under Beogh
  4130 | Ossuary  | Reached skill level 1 in Invocations
  4385 | D:7      | Reached *** piety under Beogh
  4386 | D:7      | Reached skill level 5 in Invocations
  4738 | D:7      | Noticed Pikel
  4746 | D:7      | Killed Pikel
  5192 | D:8      | Found a glowing silver altar of Zin.
  5194 | D:8      | Noticed Grum
  5207 | D:8      | Reached XP level 10. HP: 63/83 MP: 15/17
  5209 | D:8      | Killed Grum
  5273 | D:8      | Reached skill level 10 in Invocations
  5346 | D:8      | Noticed Maggie
  5351 | D:8      | Killed Maggie
  5387 | D:8      | Reached **** piety under Beogh
  5492 | D:8      | Identified the +7 dagger "Leets" {flame, rElec rN+++ Str+2
                  | Int-5}
  5604 | D:8      | Found a hide-covered altar of Uskayaw.
  5675 | D:8      | Found a radiant altar of Vehumet.
  5962 | D:9      | Noticed Psyche
  5974 | D:9      | Killed Psyche
  6037 | D:9      | Found a staircase to the Lair.
  6060 | D:9      | Noticed Erica
  6072 | D:9      | Killed from afar by Erica

Illustrated notes

Levels and vault maps discovered:
D:1:      saegor_arrival_miasma, layout_basic, serial_forest,
          infiniplex_forest_lined_room_2, infiniplex_forest_lined_corner,
          infiniplex_forest_corner_2, infiniplex_forest_clump_tiny,
          infiniplex_forest_clump_curved, infiniplex_forest_lined_room_,
          infiniplex_forest_lined_3, infiniplex_forest_end_3,
          infiniplex_forest_lined_2, infiniplex_forest_lined_1
D:2:      layout_rooms, serial_rivers, chequers_serial_rivers_large_a,
          chequers_serial_rivers_small_a, chequers_serial_rivers_micro_b,
          chequers_serial_rivers_micro_e, chequers_serial_rivers_room_b,
          basic_altar, eino_tiny_chamber
D:3:      layout_loops_ring, kennysheep_path_1, uniq_robin, uniq_sigmund
D:4:      layout_rooms, minmay_misc_feat_alley
D:5:      layout_loops_cross, temple_green, nicolae_half_adder
D:6:      layout_layer_cave, serial_shops, shop, uniq_duvessa
D:7:      layout_loops_cross, lightli_ossuary_entry_decrepit_ruins,
          corexii_hall_statues_u, minmay_misc_feat_doors,
          minmay_misc_feat_nine_boxes, uniq_pikel
D:8:      layout_gridville, zin_academy, mainiacjoe_overflow_swirl,
          dreamdust_wishing_well, uniq_maggie, uniq_grum
D:9:      layout_gridville, lair_entry_dummy, grunt_livestock, uniq_psyche,
          uniq_erica

Skill      XL: |  1  2  3  4  5  6  7  8  9 10 |
---------------+-------------------------------+-----
Axes           | 3 4 6 8 9 11 12 | 12.0
Fighting       | 6 |  6.0
Armour         | 5 6 |  6.0
Shields        | 5 |  5.0
Invocations    | 9 12 | 12.3
Throwing       | 2 |  2.0

Action                     |  1- 3 |  4- 6 |  7- 9 | 10-12 || total
---------------------------+-------+-------+-------+-------++-------
  Melee: War axe           |    69 |    81 |   307 |    78 ||   535
         Hand axe          |    41 |    11 |       |       ||    52
  Throw: Dart              |     6 |       |     3 |       ||     9
 Invoke: Convert to Beogh  |       |     1 |       |       ||     1
         Smiting           |       |       |       |     1 ||     1
    Use: Scroll            |     1 |     3 |     3 |       ||     7
         Potion            |       |     1 |       |     1 ||     2
 Armour: Scale mail        |    49 |    25 |   109 |    12 ||   195
  Dodge: Dodged            |    55 |    29 |   126 |    52 ||   262
  Block: Buckler           |    26 |    15 |    61 |    19 ||   121

Table legend: (Time is in decaauts)
 A = Elapsed time spent in this place.
 B = Non-inter-level travel time spent in this place.
 C = Inter-level travel time spent in this place.
 D = Time resting spent in this place.
 E = Time spent auto-exploring this place.
 F = Levels seen in this place.
 G = Mean time per level.
                   A        B        C        D        E       F      G
               +--------+--------+--------+--------+--------+-----+--------+
         Total |   6098 |   5787 |    311 |     74 |   4376 |  10 |  609.8 |
       Dungeon |   5877 |   5566 |    311 |     74 |   4278 |   9 |  653.0 |
       Ossuary |    221 |    221 |      0 |      0 |     98 |   1 |  221.0 |
               +--------+--------+--------+--------+--------+-----+--------+

Top non-repeatable levels by time:
     D:7: 858 daAuts
     D:3: 835 daAuts
     D:6: 723 daAuts
     D:5: 715 daAuts
     D:1: 714 daAuts
     D:8: 703 daAuts
     D:2: 640 daAuts
     D:4: 424 daAuts
     D:9: 260 daAuts
 Ossuary: 221 daAuts
